 Dungeon Crawl Stone Soup version 0.14-a0-40-g75911bd (webtiles) character file.

3072 Mulqus the Bludgeoner (level 9, -1/78 (80) HPs)
             Began as an Ogre Hunter on Sept 28, 2013.
             Was an Elder of Okawaru.
             Slain by Sachiko's ghost (22 damage)
             ... on Level 9 of the Dungeon.
             The game lasted 00:53:34 (7107 turns).

Mulqus the Bludgeoner (Ogre Hunter)                 Turns: 7107, Time: 00:53:34

HP  -1/78 (80)   AC  7     Str 25      XL: 9   Next: 63%
MP  10/10        EV 10     Int 13      God: Okawaru [****..]
Gold 408         SH  0     Dex 12      Spells:  0 memorised,  8 levels left

Res.Fire  : + . .   See Invis. : .   I - +3,+8 mace of Foul Odors {freeze, +Inv}
Res.Cold  : . . .   Warding    : .   A - +2 elf robe
Life Prot.: . . .   Conserve   : .   (shield restricted)
Res.Poison: .       Res.Corr.  : .   (helmet restricted)
Res.Elec. : .       Clarity    : .   s - +1 orc cloak
Sust.Abil.: . .     Spirit.Shd : .   (gloves unavailable)
Res.Mut.  : .       Stasis     : .   (boots unavailable)
Res.Rott. : .       Flight     : .   g - amulet of the gourmand
Gourmand  : +                        M - ring "Pneul" {rF+ Int+3 Acc+3 Dam+5}
                                     z - ring "Broes" {Regen Str+3 Dex+2}

@: invisible, very slightly contaminated, somewhat resistant to hostile
enchantments, unstealthy
A: unfitting armour, fast metabolism 1, saprovore 1, tough skin 1
a: Heroism, Renounce Religion


You were on level 9 of the Dungeon.
You worshipped Okawaru.
Okawaru was greatly pleased with you.
You were very full.

You visited 2 branches of the dungeon, and saw 10 of its levels.

You collected 388 gold pieces.

Inventory:

Hand weapons
 q - a +2 blowgun
 v - a +0,+1 giant spiked club
 x - a +0,+2 orcish morningstar
 I - the +3,+8 mace of Foul Odors (weapon) {freeze, +Inv}
   (You found it on level 6 of the Dungeon)

   It has been specially enchanted to freeze those struck by it, causing extra
   injury to most foes and up to double damage against particularly susceptible
   opponents.
   It can also slow down cold-blooded creatures.
   It lets you turn invisible.
Missiles
 c - 2 tomahawks of returning (quivered)
 e - a throwing net [frayed]
 t - 7 curare-tipped needles
 E - 2 javelins
Armour
 s - a +1 orcish cloak (worn)
 A - a +2 elven robe (worn)
Magical devices
 j - a wand of random effects (5)
 w - a wand of slowing (9)
Comestibles
 b - 3 bread rations
 f - 3 meat rations
 H - a honeycomb
Scrolls
 d - 3 scrolls of magic mapping
 m - 2 scrolls of recharging {unknown}
 y - 3 scrolls of teleportation
 B - a scroll of silence {unknown}
 G - a scroll of identify
 N - 2 scrolls of remove curse
Jewellery
 a - an uncursed ring of protection from cold
 g - an amulet of the gourmand (around neck)
 l - an uncursed ring of wizardry
 z - the ring "Broes" (left hand) {Regen Str+3 Dex+2}
   (You found it on level 9 of the Dungeon)

   [ring of regeneration]

   It affects your strength (+3).
   It affects your dexterity (+2).
 D - an uncursed ring of sustenance
 J - an uncursed ring of protection from cold
 K - an uncursed ring of positive energy
 M - the ring "Pneul" (right hand) {rF+ Int+3 Acc+3 Dam+5}
   (You found it on level 8 of the Dungeon)

   [ring of slaying]

   It affects your accuracy (+3).
   It affects your damage-dealing abilities (+5).
   It affects your intelligence (+3).
   It protects you from fire.
Potions
 h - 2 potions of berserk rage {unknown}
 i - 2 potions of might {unknown}
 n - a potion of curing
 o - a potion of poison {unknown}
 p - a potion of agility {unknown}
 u - a potion of invisibility
 F - a potion of mutation {unknown}
Magical staves
 k - an uncursed staff of power


   Skills:
 - Level 2.6 Fighting
 * Level 15.3 Maces & Flails
 - Level 4.8 Throwing
 - Level 1.9 Dodging
 - Level 0.7 Stealth
 - Level 1.8 Invocations


You had 8 spell levels left.
You didn't know any spells.

Dungeon Overview and Level Annotations

Branches:
Dungeon (9/27)             Temple (1/1) D:4            Lair (0/8) D:9
    Orc: D:6-11

Altars:
Fedhas
Okawaru
Sif Muna
Yredelemnul
Zin

Annotations:
D:8 exclusion: oklob sapling
D:9 Sachiko's ghost, experienced TrMo


Innate Abilities, Weirdness & Mutations

You are too large for most types of armour.
You have a fast metabolism.
You can tolerate rotten meat.
You have tough skin (AC +1).


Message History

Sachiko's ghost hits you!
You completely miss Sachiko's ghost.
Sachiko's ghost is severely damaged.
Sachiko's ghost misses you.
You hit Sachiko's ghost. You freeze Sachiko's ghost.
Sachiko's ghost is severely damaged.
You hit Sachiko's ghost. You freeze Sachiko's ghost.
Sachiko's ghost is almost destroyed.
Sachiko's ghost hits you!
You hit Sachiko's ghost but do no damage.
Sachiko's ghost is almost destroyed.
Sachiko's ghost hits you!
* * * LOW HITPOINT WARNING * * *
Drink which item? (? for menu, Esc to quit)
Okay, then.
Read which item? (? for menu, Esc to quit)
Okay, then.
Drink which item? (? for menu, Esc to quit)
You feel better. Sachiko's ghost hits you!
You die...

.......#.#### ...#..
.......#.....+....+...+
.............#....#...+#..
####.........#...........###
#.........#...............
#.........#...............
####.........#..............
..(..........#...........#
.............#..@........#
.............#...p.......#
........P.P..............###
..##....P...P..............# ..
#.f..Pffff..........#...#
..P....PPPP.Pfff..P....#..)#
......fPPf.fPfP.f..f...#...#...
#..PPPf.f.PPP.Pf.Pf.........[((
.P.P......fPP....P.f..$.......


You could see Sachiko's ghost.

Vanquished Creatures
  3 wandering mushrooms (D:8)
  A necrophage (D:7)
  A hungry ghost (D:8)
  An orc warrior (D:8)
  2 centaurs
  A yellow wasp (D:9)
  An ogre (D:6)
  A phantom (D:6)
  Sigmund (D:3)
  Duvessa (D:4)
  A gnoll sergeant (D:5)
  2 goliath beetles
  Dowan (D:4)
  2 crimson imps
  A giant frog zombie (D:6)
  3 hounds
  A jelly (D:5)
  An orc priest (D:4)
  A giant frog skeleton (D:6)
  9 orc wizards
  2 iguanas
  2 scorpions
  4 worker ants
  A killer bee zombie (D:8)
  Jessica (D:2)
  Terence (D:3)
  8 adders
  4 gnolls (D:5)
  A green rat (D:9)
  2 giant mites
  3 giant geckos
  26 orcs
  2 ball pythons
  18 bats
  A bat zombie (D:7)
  8 giant cockroaches
  8 hobgoblins
  17 jackals
  9 kobolds
  7 giant newts
  11 goblins
  An orc skeleton (D:4)
  A quokka (D:9)
  14 rats
  A rat skeleton (D:4)
  A fungus (D:8)
189 creatures vanquished.

Notes
Turn   | Place    | Note
--------------------------------------------------------------
     0 | D:1      | Mulqus, the Ogre Hunter, began the quest for the Orb.
     0 | D:1      | Reached XP level 1. HP: 20/20 MP: 0/0
    69 | D:1      | Reached XP level 2. HP: 23/28 MP: 1/1
   842 | D:1      | Reached XP level 3. HP: 26/35 MP: 2/2
  1275 | D:2      | Found an iron altar of Okawaru.
  1310 | D:2      | Became a worshipper of Warmaster Okawaru
  1369 | D:2      | Noticed Jessica
  1371 | D:2      | Killed Jessica
  1423 | D:2      | Reached XP level 4. HP: 32/44 MP: 3/3
  1681 | D:2      | Found a deep blue altar of Sif Muna.
  1818 | D:3      | Found a glowing silver altar of Zin.
  1873 | D:3      | Noticed Sigmund
  1880 | D:3      | Reached skill level 5 in Maces & Flails
  1982 | D:3      | Noticed Terence
  1987 | D:3      | Reached XP level 5. HP: 45/50 MP: 4/4
  2001 | D:3      | Killed Terence
  2220 | D:3      | Killed Sigmund
  2220 | D:3      | Acquired Okawaru's first power
  2220 | D:3      | Reached skill level 6 in Maces & Flails
  2355 | D:4      | Reached skill level 7 in Maces & Flails
  2371 | D:4      | Noticed Duvessa
  2371 | D:4      | Noticed Dowan
  2376 | D:4      | Killed Duvessa
  2376 | D:4      | Reached skill level 1 in Invocations
  2376 | D:4      | Reached XP level 6. HP: 58/58 MP: 6/6
  2377 | D:4      | Killed Dowan
  2578 | D:4      | Found a staircase to the Ecumenical Temple.
  2582 | Temple   | Entered the Ecumenical Temple
  2763 | D:4      | Reached skill level 8 in Maces & Flails
  2774 | D:4      | Reached XP level 7. HP: 52/66 MP: 8/8
  3019 | D:5      | Entered Level 5 of the Dungeon
  3395 | D:5      | Reached skill level 9 in Maces & Flails
  3716 | D:5      | Found a basalt altar of Yredelemnul.
  3784 | D:5      | Reached skill level 10 in Maces & Flails
  4093 | D:6      | Reached XP level 8. HP: 61/74 MP: 9/9
  4234 | D:6      | Reached skill level 11 in Maces & Flails
  4431 | D:6      | Got a polished mace
  4432 | D:6      | Identified the +3,+8 mace of Foul Odors {freeze, +Inv} (You found it on level 6 of the Dungeon)
  4432 | D:6      | Identified the +3,+8 mace of Foul Odors {freeze, +Inv} (You found it on level 6 of the Dungeon)
  4704 | D:6      | Reached skill level 12 in Maces & Flails
  5545 | D:7      | Reached skill level 13 in Maces & Flails
  6086 | D:8      | Got a faintly glowing amber ring
  6088 | D:8      | Identified the ring "Pneul" {rF+ Int+3 Acc+3 Dam+5} (You found it on level 8 of the Dungeon)
  6143 | D:8      | Noticed a wandering mushroom
  6335 | D:8      | Reached XP level 9. HP: 78/78 MP: 10/10
  6624 | D:8      | Reached skill level 14 in Maces & Flails
  6680 | D:8      | Noticed a wandering mushroom
  6685 | D:8      | Noticed a wandering mushroom
  6699 | D:8      | Killed a wandering mushroom
  6813 | D:8      | Noticed a wandering mushroom
  6814 | D:8      | Found a blossoming altar of Fedhas.
  6816 | D:8      | Killed a wandering mushroom
  6907 | D:8      | Killed a wandering mushroom
  6907 | D:8      | Reached skill level 15 in Maces & Flails
  6956 | D:9      | Got a crude wooden ring
  6958 | D:9      | Identified the ring "Broes" {Regen Str+3 Dex+2} (You found it on level 9 of the Dungeon)
  7044 | D:9      | Found a staircase to the Lair.
  7087 | D:9      | Noticed Sachiko's ghost (experienced TrMo)
  7107 | D:9      | Slain by Sachiko's ghost

Action                   |  1- 3 |  4- 6 |  7- 9 || total
-------------------------+-------+-------+-------++-------
Melee: Club              |   104 |       |       ||   104
       Mace              |     8 |    73 |   128 ||   209
       Whip              |     5 |       |       ||     5
       Morningstar       |       |    38 |    94 ||   132
Throw: Large rock        |     8 |     9 |    37 ||    54
       Javelin           |     3 |    18 |    18 ||    39
       Throwing net      |       |       |     3 ||     3
       Tomahawk          |       |       |    12 ||    12
Evoke: Wand              |       |       |     4 ||     4
  Use: Potion            |       |     2 |     3 ||     5
       Scroll            |       |     6 |    16 ||    22
 Stab: Sleeping          |       |       |     1 ||     1
